 Dungeon Crawl Stone Soup version 0.26-a0-466-g989023bd0d (webtiles) character file.

Game seed: 458996247328459821

145 pk666 the Magician (level 5, -4/28 HPs)
             Began as a Deep Elf Hedge Wizard on Aug 11, 2020.
             Slain by a bullfrog (7 damage)
             ... on level 2 of the Dungeon.
             The game lasted 00:03:30 (2402 turns).

pk666 the Magician (Deep Elf Hedge Wizard)          Turns: 2402, Time: 00:03:31

Health: -4/28      AC:  2    Str:  7    XL:     5   Next: 6%
Magic:  7/14       EV: 13    Int: 20    God:
Gold:   89         SH:  0    Dex: 14    Spells: 3/14 levels left

rFire    . . .     SeeInvis .   f - +0 dagger (venom)
rCold    . . .     Faith    .   (no shield)
rNeg     . . .     Spirit   .   b - +0 robe
rPois    .         Reflect  .   c - +0 hat
rElec    .         Harm     .   (no cloak)
rCorr    .                      (no gloves)
MR       .....                  (no boots)
Stlth    ++........             (no amulet)
HPRegen  0.09/turn              (no ring)
MPRegen  0.14/turn              (no ring)

@: very slightly contaminated
A: no striking features
a: no special abilities


You were on level 2 of the Dungeon.
You visited 1 branch of the dungeon, and saw 2 of its levels.

You collected 89 gold pieces.

Inventory:

Hand Weapons
 f - a +0 dagger of venom (weapon)
Armour
 b - a +0 robe (worn)
 c - a +0 hat (worn)
Jewellery
 k - a +4 ring of protection
Scrolls
 a - 5 scrolls of identify {unknown}
 d - 2 scrolls of enchant weapon {unknown}
 e - 3 scrolls of amnesia {unknown}
 i - a scroll of magic mapping {unknown}
 j - a scroll of remove curse {unknown}
Potions
 g - a potion of haste {unknown}
 h - a potion of heal wounds {unknown}


   Skills:
 - Level 2.4 Dodging
 - Level 2.4 Stealth
 + Level 5.4 Spellcasting
 + Level 2.8 Conjurations
 + Level 1.8 Summonings
 - Level 2.0 Translocations
 + Level 1.2 Fire Magic
 + Level 1.1 Air Magic
 + Level 1.3 Poison Magic


You had 3 spell levels left.
You knew the following spells:

 Your Spells              Type           Power        Failure   Level
a - Magic Dart            Conj           ###.         3%          1
b - Blink                 Tloc           N/A          8%          2
c - Conjure Flame         Conj/Fire      ##......     14%         3
d - Mephitic Cloud        Conj/Pois/Air  ##......     16%         3
e - Call Imp              Summ           ##......     8%          2

Your spell library contained the following spells:

 Spells                   Type           Power        Failure   Level
 Slow                     Hex            #.......     17%         2


Dungeon Overview and Level Annotations

Branches:
Dungeon (2/15)

Altars:


Message History

You hit the bullfrog but do no damage.
The bullfrog is poisoned.
The bullfrog is severely wounded.
The bullfrog hits you.
* * * LOW HITPOINT WARNING * * *
The bullfrog closely misses you. The bullfrog hits you.
* * * LOW HITPOINT WARNING * * *
Casting: Magic Dart (safe; 3% risk of failure)
Confirm with . or Enter, or press ? or * to list all spells.
You don't know that spell.
The bullfrog closely misses you.
Casting: Magic Dart (safe; 3% risk of failure)
Confirm with . or Enter, or press ? or * to list all spells.
You miscast Blink.
You are very lightly contaminated with residual magic.
Nothing appears to happen.
The bullfrog misses you.
Casting: Blink (safe; 8% risk of failure)
Confirm with . or Enter, or press ? or * to list all spells.
You blink.
The bullfrog hits you!
You die...

#.### #......##........ #...#
#......##........ ###.#
#................ #...#
#.......#........
#####'#######...............
#......# #....)..)†......... .
#.).(..# #.##....###...###. .#
#......# #.####..# #...# ..#
#......# #...@...###...###...#
#......# ####.F...............
#......######.§...............
#.............................
#......#######...###...###...#
#......# #...# #...# ...#
#......# #...# #...# ...#
######## #........... ...
#........... ...


You could see a bullfrog (very poisoned).

Vanquished Creatures
  4 gnolls (D:2)
  4 adders (D:2)
  An ooze (D:2)
  5 worms (D:2)
  2 dart slugs (D:1)
  2 giant cockroaches
  5 hobgoblins
  5 kobolds
  A ball python (D:2)
  5 bats
  4 frilled lizards
  7 goblins
  8 rats
53 creatures vanquished.

Notes
Turn   | Place    | Note
-------+----------+-------------------------------------------
     0 | D:1      | pk666 the Deep Elf Hedge Wizard began the quest for the
                  | Orb.
     0 | D:1      | Reached XP level 1. HP: 10/10 MP: 7/7
   275 | D:1      | Reached XP level 2. HP: 15/15 MP: 7/9
   282 | D:1      | Learned a level 2 spell: Blink
   560 | D:1      | Reached skill level 5 in Spellcasting
   784 | D:1      | Reached XP level 3. HP: 19/19 MP: 9/11
   963 | D:2      | Learned a level 3 spell: Conjure Flame
   967 | D:2      | Learned a level 3 spell: Mephitic Cloud
   970 | D:2      | Learned a level 2 spell: Call Imp
  1433 | D:2      | Reached XP level 4. HP: 24/24 MP: 4/13
  1740 | D:2      | Reached skill level 1 in Poison Magic
  1888 | D:2      | Reached skill level 1 in Fire Magic
  1999 | D:2      | Reached skill level 1 in Air Magic
  2270 | D:2      | Reached XP level 5. HP: 28/28 MP: 9/14
  2402 | D:2      | Slain by a bullfrog

Illustrated notes

Levels and vault maps discovered:
D:1:      dpeg_arrival_simpleton_c, layout_rooms, minmay_bisected
D:2:      cheibrodos_helix_gallery, layout_basic, kennysheep_boxes

Skill      XL: |  1  2  3  4 |
---------------+-------------+-----
Conjurations   | 2 |  2.8
Spellcasting   | 5 |  5.4
Translocations | 2 |  2.0
Poison Magic   | 1 |  1.3
Fire Magic     | 1 |  1.2
Air Magic      | 1 |  1.1
Dodging        | |  2.4
Stealth        | |  2.4
Summonings     | |  1.8

Action                   |  1- 3 |  4- 6 || total
-------------------------+-------+-------++-------
Melee: Dagger            |     2 |    11 ||    13
 Cast: Magic Dart        |    82 |    86 ||   168
       Blink             |       |     1 ||     1
Armor: Robe              |       |     4 ||     4
Dodge: Dodged            |     3 |    18 ||    21

Table legend: (Time is in decaauts)
 A = Elapsed time spent in this place.
 B = Non-inter-level travel time spent in this place.
 C = Inter-level travel time spent in this place.
 D = Time resting spent in this place.
 E = Time spent auto-exploring this place.
 F = Levels seen in this place.
 G = Mean time per level.
                   A        B        C        D        E       F      G
               +--------+--------+--------+--------+--------+-----+--------+
         Total |   2404 |   2373 |     31 |    700 |   1312 |   2 | 1202.0 |
       Dungeon |   2404 |   2373 |     31 |    700 |   1312 |   2 | 1202.0 |
               +--------+--------+--------+--------+--------+-----+--------+

Top non-repeatable levels by time:
     D:2: 1264 daAuts
     D:1: 1140 daAuts
